Map: Orbital Shipyard

Players

Coeus

  • Race: Terran Terran
  • League: Diamond

Toons - Winner!

  • Race: Protoss Protoss
  • League: Gold

VOD

Have the link to the VOD?

Description

Time

  • Played on: Jan. 30, 2016, 10:27 p.m.
  • Length: 4:37
Show
View Real Time Build Order
Export as new Build Order

Coeus Terran 

Build Orders:  

Get SALT Encoding   

  12  1:07  SCV  
  13  1:19  SCV  
  13  1:21  Supply Depot  
  14  1:31  SCV  
  15  1:46  SCV, Barracks  
  16  1:58  SCV  
  17  2:07  Barracks  
  17  2:09  Barracks  
  17  2:12  SCV  
  18  2:25  SCV, Barracks  
  18  2:27  Barracks  
  19  2:32  Marine  
  20  2:38  Orbital Command  
  20  2:42  Supply Depot  
  20  2:50  Marine  
  21  2:53  Marine  
  21  2:56  Marine  
  23  3:11  Marine x2  
  23  3:12  Marine  
  26  3:14  Barracks  
  26  3:17  Supply Depot, Marine x2  
  28  3:28  Marine  
  28  3:29  Marine  
  28  3:30  Marine  
  28  3:38  SCV  
  28  3:46  Marine  
  28  3:47  Marine  
  29  3:53  Marine x3  
  31  4:09  Marine x2  
  29  4:11  Marine x2  
  25  4:19  Marine  
  25  4:24  SCV  
Show
View Real Time Build Order
Export as new Build Order

Toons Protoss - Winner!

Build Orders:  

Get SALT Encoding   

  12  0:01  Probe (Chrono Boost)  
  13  0:11  Probe (Chrono Boost)  
  14  0:18  Pylon  
  14  0:22  Probe (Chrono Boost)  
  15  0:36  Probe (Chrono Boost)  
  15  0:38  Gateway  
  16  0:44  Assimilator  
  16  0:47  Probe (Chrono Boost)  
  17  0:57  Probe (Chrono Boost)  
  18  1:08  Probe (Chrono Boost)  
  20  1:18  Probe (Chrono Boost)  
  20  1:19  Pylon  
  20  1:26  Cybernetics Core  
  20  1:29  Probe (Chrono Boost)  
  21  1:39  Probe (Chrono Boost)  
  22  1:50  Probe (Chrono Boost)  
  23  1:55  Gateway  
  23  1:56  Gateway  
  23  1:57  Gateway  
  23  2:03  Warp Gate (Chrono Boost)  
  23  2:06  Assimilator  
  23  2:26  Pylon  
  23  2:32  Adept  
  25  2:44  Stalker  
  25  2:45  Adept  
  25  2:46  Zealot  
  31  2:54  Pylon  
  31  3:00  Adept  
  33  3:10  Pylon  
  33  3:12  Stalker  
  33  3:14  Adept  
  33  3:15  Zealot  
  39  3:30  Adept  
  33  3:56  Stalker  
  33  3:57  Stalker x2  
  35  4:21  Stalker x4  
Tags
 
Add a new tag
Caveats
  • Supply blocks, unpowered buildings, or Contaminate may cause inaccurate times.
  • Supply counts are checked every 10 seconds.